 Dungeon Crawl Stone Soup version 0.30-a0-989-g0d87f670db (webtiles) character file.

Game seed: 12139577236965871512

70 Maxmaps the Trooper (level 4, -2/40 HPs)
             Began as a Draconian Transmuter on Apr 3, 2023.
             Slain by a black bear (3 damage)
             ... on level 3 of the Dungeon.
             The game lasted 00:01:34 (1754 turns).

Maxmaps the Trooper (Draconian Transmuter)          Turns: 1754, Time: 00:01:35

Health: -2/40      AC:  6    Str: 12    XL:     4   Next: 3%
Magic:  6/7        EV: 12    Int: 16    God:
Gold:   98         SH:  0    Dex: 11    Spells: 6/7 levels left

rFire   . . .      SeeInvis .      - Unarmed
rCold   . . .      Faith    .    (no shield)
rNeg    . . .      Spirit   .    (body armour unavailable)
rPois   .          Reflect  .    (helmet restricted)
rElec   .          Rampage  .    (no cloak)
rCorr   .                        (no gloves)
Will    .....                    b - +0 pair of boots
Stlth   +                        (no amulet)
HPRegen 0.26/turn                (no ring)
MPRegen 0.10/turn                (no ring)

@: very slightly contaminated
A: AC +5, unfitting armour, cold-blooded
a: no special abilities


You were on level 3 of the Dungeon.
You visited 1 branch of the dungeon, and saw 3 of its levels.

You collected 98 gold pieces.

Inventory:

Armour
 b - a +0 pair of boots (worn)
Wands
 j - a wand of polymorph (9)
Scrolls
 d - 5 scrolls of identify {unknown}
 h - a scroll of amnesia {unknown}
 k - a scroll of summoning {unknown}
 m - a scroll of fear {unknown}
Potions
 a - a potion of lignification
 e - a potion of resistance {unknown}
 f - a potion of heal wounds {unknown}
 g - a potion of curing {unknown}
 i - a potion of flight {unknown}
 l - a potion of attraction {unknown}


   Skills:
 - Level 4.1 Fighting
 - Level 1.7 Dodging
 - Level 3.0 Unarmed Combat
 - Level 2.0 Spellcasting
 + Level 2.2 Transmutations


You had 6 spell levels left.
You knew the following spells:

 Your Spells              Type           Power      Damage    Failure   Level
a - Beastly Appendage     Tmut           16%        N/A       9%          1

Your spell library contained the following spells:

 Spells                   Type           Power      Damage    Failure   Level
 Wereblood                Tmut           8%         N/A       12%         2
 Spider Form              Tmut/Pois      5%         N/A       36%         3
 Ice Form                 Ice/Tmut       5%         N/A       78%         4


Dungeon Overview and Level Annotations

Branches:
Dungeon (3/15)

Altars:


Innate Abilities, Weirdness & Mutations

Your plain brown scales are hard. (AC +5)
You cannot fit into any form of body armour.
You are cold-blooded and may be slowed by cold attacks.


Message History

The black bear is heavily wounded.
The black bear closely misses you. The black bear claws you.
The black bear claws you but does no damage.
You hit the black bear.
The black bear is heavily wounded.
The black bear misses you. The black bear claws you.
The black bear claws you but does no damage.
You hit the black bear but do no damage.
You tail-slap the black bear.
The black bear is heavily wounded.
The black bear bites you but does no damage.
The black bear claws you but does no damage. x2
You hit the black bear.
The black bear is severely wounded.
The black bear bites you but does no damage.
The black bear barely misses you. The black bear claws you.
You closely miss the black bear.
The black bear is severely wounded.
The black bear goes berserk!
You hit the black bear.
Your tail-slap misses the black bear.
The black bear is almost dead.
The black bear bites you but does no damage.
The black bear claws you but does no damage.
The black bear completely misses you.
You hit the black bear.
Your tail-slap misses the black bear.
The black bear is almost dead.
The black bear bites you! The black bear claws you.
* * * LOW HITPOINT WARNING * * *
The black bear barely misses you.
You are too injured to fight recklessly!
You are too injured to fight recklessly!
You are too injured to fight recklessly!
Casting: Beastly Appendage (safe; 9% risk of failure)
Confirm with . or Enter, or press ? or * to list all spells.
You miscast Beastly Appendage.
You are very lightly contaminated with residual magic.
Nothing appears to happen.
The black bear bites you!
* * * LOW HITPOINT WARNING * * *
The black bear claws you.
You die...

********,,,**,,,,,*,,,,,**,*,***
*,,,,,,,...##+#########,,,,*,*
*,,,,,,,.........$....#**,,*,***
*,,,,,,,,.............# *,,*,,,,
*,,,,,,,,,#...........# *,,*****
*,,,,,,,,,#...........# *,,,,***
**********#...........# **,*,,,*
#...h.......# *,***,,
#....@......# *,,,,,,
#...........# *,,,,,,
###.....##### *,,,,,, #####.#
*,***** #.# *,* #.# *,* #.# *,*
#.# *,* ##################.# *,*


You could see a black bear (berserk).

Vanquished Creatures
  A gnoll (D:1)
  An adder (D:3)
  3 worms (D:2)
  3 dart slugs
  3 orcs (D:2)
  7 ball pythons
  4 bats
  3 endoplasms
  A giant cockroach (D:1)
  A hobgoblin (D:1)
  2 kobolds (D:2)
  2 frilled lizards (D:3)
  A goblin (D:1)
  2 rats
34 creatures vanquished.

Notes
Turn   | Place    | Note
-------+----------+-------------------------------------------
     0 | D:1      | Maxmaps the Draconian Transmuter began the quest for the
                  | Orb.
     0 | D:1      | Reached XP level 1. HP: 16/16 MP: 3/3
   229 | D:1      | Reached skill level 2 in Fighting
   244 | D:1      | Reached XP level 2. HP: 25/25 MP: 5/5
   708 | D:1      | Reached skill level 3 in Fighting
   964 | D:2      | Reached XP level 3. HP: 31/31 MP: 6/6
  1279 | D:2      | Reached skill level 4 in Fighting
  1735 | D:3      | Reached XP level 4. HP: 40/40 MP: 7/7
  1736 | D:3      | Noticed a black bear
  1754 | D:3      | HP: 1/40 [black bear (10)]
  1754 | D:3      | Slain by a black bear

Illustrated notes

Levels and vault maps discovered:
D:1:      shiori_arrival_maze, layout_loops_corners
D:2:      layout_basic, minmay_fractal_squares_gapless_5, uniq_jessica,
          uniq_natasha
D:3:      layout_basic, gammafunk_ghost_nasty_kobolds,
          cheibrodos_sewer_entry_bend, chequers_serial_rivers_small_a,
          uniq_ijyb, uniq_crazy_yiuf_cottage, uniq_robin

Skill      XL: |  1  2  3 |
---------------+----------+-----
Fighting       | 2 3 4 |  4.1
Dodging        | |  1.7
Unarmed Combat | |  3.0
Spellcasting   | |  2.0
Transmutations | |  2.2

Action                     |  1- 3 |  4- 6 || total
---------------------------+-------+-------++-------
  Melee: Unarmed           |   147 |    15 ||   162
         Kick              |    10 |       ||    10
         Tailslap          |    16 |     1 ||    17
         Punch             |     4 |       ||     4
         Headbutt          |     2 |       ||     2
   Cast: Beastly Appendage |     5 |       ||     5
    Use: Scroll            |     1 |       ||     1
 Armour: Skin              |    47 |    15 ||    62
  Dodge: Dodged            |    81 |    15 ||    96

Table legend: (Time is in decaauts)
 A = Elapsed time spent in this place.
 B = Non-inter-level travel time spent in this place.
 C = Inter-level travel time spent in this place.
 D = Time resting spent in this place.
 E = Time spent auto-exploring this place.
 F = Levels seen in this place.
 G = Mean time per level.
                   A        B        C        D        E       F      G
               +--------+--------+--------+--------+--------+-----+--------+
         Total |   1743 |   1606 |    137 |     13 |   1267 |   3 |  581.0 |
       Dungeon |   1743 |   1606 |    137 |     13 |   1267 |   3 |  581.0 |
               +--------+--------+--------+--------+--------+-----+--------+

Top non-repeatable levels by time:
     D:1: 929 daAuts
     D:2: 700 daAuts
     D:3: 113 daAuts
